 Dungeon Crawl Stone Soup version 0.25-a0-860-gf695395b5c (webtiles) character file.

Game seed: 4353360436708316528, levelgen mode: deterministic

11674 xccam the Basher (level 11, -10/97 HPs)
             Began as a Gnoll Chaos Knight on Apr 28, 2020.
             Was a Plaything of Xom.
             Mangled by a tyrant leech (26 damage)
             ... in a Gauntlet.
             The game lasted 00:23:28 (9895 turns).

xccam the Basher (Gnoll Chaos Knight)               Turns: 9895, Time: 00:23:29

Health: -10/97     AC: 12    Str: 16    XL:     11   Next: 81%
Magic:  18/18      EV: 17    Int: 14    God:    Xom [*.....]
Gold:   470        SH:  6    Dex: 18    Spells: 20/23 levels left

rFire    . . .     SeeInvis .   I - +8 mace "Mobbuno" {elec, rElec rN+ Dex+3}
rCold    . . .     Gourm    .   p - +0 buckler
rNeg     + . .     Faith    .   O - +0 troll leather armour
rPois    .         Spirit   .   (no helmet)
rElec    +         Reflect  .   y - +1 cloak
rCorr    .         Harm     .   r - +0 pair of gloves
MR       +....     NoTele   +   d - +0 pair of boots
Stlth    +++.......             C - amulet of regeneration
HPRegen  1.06/turn              q - ring of protection from magic
MPRegen  0.16/turn              (no ring)

@: no status effects
A: distributed training, fangs 1, molten scales 1, dopey 1, low mp 1, robust 1,
MP-powered wands, strong nose
a: Renounce Religion


You were in a Gauntlet.
You worshipped Xom.
You were a special plaything of Xom.
You were not hungry.

You visited 3 branches of the dungeon, and saw 13 of its levels.
You also visited: Gauntlet.

You collected 580 gold pieces.
You spent 110 gold pieces at shops.

Inventory:

Hand Weapons
 a - a +0 mace of chaos
 x - a +0 hunting sling
 I - the +8 mace "Mobbuno" (weapon) {elec, rElec rN+ Dex+3}
   (You took it off an orc priest on level 8 of the Dungeon)

   Occasionally, upon striking a foe, it will discharge some electrical energy
   and cause terrible harm.
   It affects your dexterity (+3).
   It insulates you from electricity.
   It protects you from negative energy.
Missiles
 s - 60 sling bullets
Armour
 d - a +0 pair of boots (worn)
 f - a +0 tower shield
 j - a +0 chain mail
 p - a +0 buckler (worn)
 r - a +0 pair of gloves (worn)
 y - a +1 cloak (worn)
 K - a +0 kite shield
 O - a +0 troll leather armour (worn)
Magical Staves
 h - an uncursed staff of wizardry
Jewellery
 g - an uncursed amulet of rage
 m - an uncursed amulet of guardian spirit
 q - a ring of protection from magic (left hand)
 C - an amulet of regeneration (around neck)
 F - an uncursed ring of ice
 M - an uncursed ring of magical power
 P - an uncursed ring of magical power
Wands
 B - a wand of digging (7)
 G - a wand of flame (20)
 L - a wand of paralysis (6)
Scrolls
 b - 3 scrolls of identify
 e - a scroll of amnesia
 l - a scroll of fog
 n - 3 scrolls of blinking
 t - 2 scrolls of enchant armour
 u - 2 scrolls of remove curse
 v - 2 scrolls of teleportation
 w - a scroll of enchant weapon
 D - 2 scrolls of random uselessness {unknown}
 E - a scroll of acquirement {unknown}
 J - 2 scrolls of magic mapping
 Q - a scroll of holy word {unknown}
Potions
 i - 8 potions of curing
 k - 7 potions of flight
 o - a potion of ambrosia {unknown}
 z - 2 potions of magic {unknown}
 A - 2 potions of haste
 H - a potion of mutation {unknown}
 N - 2 potions of heal wounds
Comestibles
 c - 22 rations
 R - 3 chunks of flesh


   Skills:
 + Level 9.3 Fighting
 + Level 6.5 Short Blades
 + Level 6.5 Long Blades
 + Level 6.5 Axes
 + Level 9.3 Maces & Flails
 + Level 6.5 Polearms
 + Level 6.5 Staves
 + Level 6.5 Slings
 + Level 6.5 Bows
 + Level 6.5 Crossbows
 + Level 6.5 Throwing
 + Level 8.0 Armour
 + Level 7.1 Dodging
 + Level 6.5 Stealth
 + Level 6.5 Shields
 + Level 6.5 Unarmed Combat
 + Level 6.5 Spellcasting
 + Level 5.4 Conjurations
 + Level 5.4 Hexes
 + Level 5.4 Charms
 + Level 5.4 Summonings
 + Level 5.4 Necromancy
 + Level 5.4 Translocations
 + Level 5.4 Transmutations
 + Level 5.4 Fire Magic
 + Level 5.4 Ice Magic
 + Level 5.4 Air Magic
 + Level 5.4 Earth Magic
 + Level 5.4 Poison Magic
 + Level 7.1 Invocations
 + Level 6.5 Evocations


You had 20 spell levels left.
You knew the following spells:

 Your Spells              Type           Power        Failure   Level  Hunger
a - Mephitic Cloud        Conj/Pois/Air  ###.....     6%          3    ##.....

Your spell library contained the following spells:

 Spells                   Type           Power        Failure   Level  Hunger
 Beastly Appendage        Tmut           ###...       1%          1    None
 Magic Dart               Conj           ###.         1%          1    None
 Sandblast                Erth           ###...       1%          1    None
 Blink                    Tloc           N/A          3%          2    #......
 Call Imp                 Summ           ###.....     3%          2    #......
 Passwall                 Tmut/Erth      ###.....     3%          2    #......
 Slow                     Hex            ###.....     3%          2    #......
 Sticks to Snakes         Tmut           ###.....     3%          2    #......
 Confusing Touch          Hex            ###.....     6%          3    ##.....
 Conjure Flame            Conj/Fire      ###.....     6%          3    ##.....
 Gell's Gravitas          Tloc           ###.......   6%          3    ##.....
 Spider Form              Tmut/Pois      ###.......   6%          3    ##.....
 Stone Arrow              Conj/Erth      ###...       6%          3    ##.....
 Ice Form                 Ice/Tmut       ###.....     19%         4    ####...
 Petrify                  Tmut/Erth      ###.....     19%         4    ####...
 Blade Hands              Tmut           ###.......   47%         5    ######.
 Lee's Rapid Deconstruct  Erth           ###.......   47%         5    ######.
 Metabolic Englaciation   Hex/Ice        ###.......   47%         5    ######.
 Yara's Violent Unravell  Hex/Tmut       ###.......   47%         5    ######.


Dungeon Overview and Level Annotations

Branches:
Dungeon (11/15)            Temple (1/1) D:7            Lair (0/6) D:11
    Orc (1/2) D:10        Gauntlet (1/1)

Altars:
Ashenzari
Cheibriados
Dithmenos
Elyvilon
Fedhas
Gozag
Hepliaklqana
Kikubaaqudgha
Makhleb
Nemelex Xobeh
Okawaru
Qazlal
Ru
Trog
Vehumet
Wu Jian
Xom
Yredelemnul
The Shining One

Shops:
D:4 *   D:9 ?   D:10 (   Orc:1 [

Annotations:
D:4 Natasha Gauntlet 6 transporters, 1 runed translucent door


Innate Abilities, Weirdness & Mutations

Your experience applies equally to all skills.
You have very sharp teeth.
Your uncanny sense of smell can sniff out nearby items.
You are partially covered in molten scales. (AC +2)
You are dopey. (Int -2)
Your magical capacity is low. (-10% MP)
You are robust. (+10% HP)
You expend magic power (3 MP) to strengthen your wands.


Message History

Your troll leather armour prevents you from hitting the tyrant leech.
You sock the tyrant leech!
Lightning courses through the tyrant leech!
You bite the tyrant leech, but do no damage.
The tyrant leech is moderately wounded.
The tyrant leech bites you.
The tyrant leech draws strength from your injuries!
You miss the tyrant leech.
The tyrant leech is moderately wounded.
The tyrant leech bites you!!
* * * LOW HITPOINT WARNING * * *
A shower of butterflies erupts from you!
The tyrant leech draws strength from your injuries!
You hit the tyrant leech.
The tyrant leech is moderately wounded.
You closely miss the tyrant leech.
The tyrant leech is moderately wounded.
The tyrant leech bites you!!
You die...
Xom giggles madly!

≈....#©..8#.≈
##..8.#...©#.##
##≈....#©..8#.≈#
#≈≈.#########.≈≈
#≈.#..=©!..#.≈#
##.#b#####.#.##
##≈.#w#≈b≈#.#.≈#
#≈≈.#@#.©.#.#.≈≈
##≈.#bb...+.#.≈#
##.#b#####.#.##
##≈.#.......#..###≈
#≈≈.#########...#≈≈
##≈....#©..8#...#..
##..8.#...©#.8.#..
##≈....#©..8#.⌠.#.8
#≈≈.#########.8.#.©


You could see a tyrant leech.

Vanquished Creatures
  2 two-headed ogres
  An unseen horror (D:10)
  Pikel (D:8)
  A necromancer (Gauntlet)
  3 centaur zombies (D:10)
  A smoke demon (Gauntlet)
  A rime drake (D:10)
  A komodo dragon (D:11)
  A red devil (Gauntlet)
  A troll (D:11)
  Prince Ribbit (D:6)
  Grinder (D:5)
  A centaur simulacrum (Gauntlet)
  2 wyverns
  10 yaks
  2 swamp worms (Gauntlet)
  Duvessa (D:4)
  2 water moccasins
  3 sky beasts
  3 orc warriors
  2 ice beasts
  A phantom (D:8)
  3 wolves (Gauntlet)
  2 black bears
  A boggart (D:5)
  An ogre (D:8)
  A centaur (D:6)
  A big kobold (D:9)
  Blork the orc (D:5)
  3 bullfrogs
  A water moccasin zombie (D:7)
  Dowan (D:4)
  6 killer bees (D:9)
  2 scorpions
  2 howler monkeys (D:4)
  9 wights
  2 bullfrog zombies
  8 crimson imps
  A hound (D:7)
  A quasit (D:9)
  A wyvern simulacrum (Gauntlet)
  A jelly (D:9)
  6 orc priests
  2 bullfrog skeletons
  Natasha (D:4)
  3 iguanas
  10 orc wizards
  12 worker ants
  A bullfrog simulacrum (Gauntlet)
  A hound zombie (D:6)
  A howler monkey zombie (D:5)
  4 gnolls (D:2)
  A worker ant zombie (D:8)
  13 adders
  2 shadow imps (D:8)
  An ooze (D:2)
  2 adder zombies
  2 adder skeletons
  5 worms
  A dart slug (D:2)
  4 leopard geckos
  26 orcs
  2 ball pythons
  5 bats
  5 giant cockroaches
  6 goblins
  A hobgoblin (D:1)
  5 jackals
  5 quokkas
  5 frilled lizards
  10 kobolds
  A leopard gecko skeleton (D:4)
  2 quokka skeletons
  2 rats
237 creatures vanquished.

Vanquished Creatures (collateral kills)
  A centaur simulacrum (Gauntlet)
  An orc wizard (D:10)
  An adder (D:2)
  A leopard gecko (D:2)
  An orc (D:10)
  A goblin (D:2)
  A hobgoblin (D:2)
7 creatures vanquished.

Vanquished Creatures (others)
  2 yaks (D:11)
  3 slaves (D:8)
  An orc wizard (D:8)
  2 orcs
  A jackal (D:8)
  5 plants (D:11)
14 creatures vanquished.

Grand Total: 258 creatures vanquished

Notes
Turn   | Place    | Note
-------+----------+-------------------------------------------
     0 | D:1      | xccam the Gnoll Chaos Knight began the quest for the Orb.
     0 | D:1      | Reached XP level 1. HP: 23/23 MP: 1/1
    87 | D:1      | XOM: potion effect (heal wounds)
   104 | D:1      | Reached XP level 2. HP: 27/29 MP: 2/2
   109 | D:1      | XOM: torment (15/29 hp)
   522 | D:1      | XOM: give mutation
   522 | D:1      | Gained mutation: You occasionally shout uncontrollably at
                  | your foes. [Xom's mischief]
   606 | D:2      | Reached XP level 3. HP: 34/35 MP: 3/3
   711 | D:2      | Reached skill level 1 in Invocations
   760 | D:2      | Reached skill level 1 in Short Blades
   760 | D:2      | Reached skill level 1 in Long Blades
   760 | D:2      | Reached skill level 1 in Axes
   760 | D:2      | Reached skill level 1 in Polearms
   760 | D:2      | Reached skill level 1 in Staves
   760 | D:2      | Reached skill level 1 in Slings
   760 | D:2      | Reached skill level 1 in Bows
   760 | D:2      | Reached skill level 1 in Crossbows
   760 | D:2      | Reached skill level 1 in Throwing
   760 | D:2      | Reached skill level 1 in Stealth
   760 | D:2      | Reached skill level 1 in Shields
   760 | D:2      | Reached skill level 1 in Unarmed Combat
   760 | D:2      | Reached skill level 1 in Spellcasting
   760 | D:2      | Reached skill level 1 in Evocations
   760 | D:2      | Reached XP level 4. HP: 37/41 MP: 5/5
   780 | D:2      | XOM: summons 3 hostile demons
   849 | D:2      | XOM: 3-stop teleportation journey
   915 | D:2      | XOM: summons friendly ufetubus
   992 | D:2      | XOM: torment (19/41 hp)
  1447 | D:2      | XOM: noise
  1590 | D:2      | XOM: god gift: 18 sling bullets
  1667 | D:2      | Reached skill level 1 in Conjurations
  1667 | D:2      | Reached skill level 1 in Hexes
  1667 | D:2      | Reached skill level 1 in Charms
  1667 | D:2      | Reached skill level 1 in Summonings
  1667 | D:2      | Reached skill level 1 in Necromancy
  1667 | D:2      | Reached skill level 1 in Translocations
  1667 | D:2      | Reached skill level 1 in Transmutations
  1667 | D:2      | Reached skill level 1 in Fire Magic
  1667 | D:2      | Reached skill level 1 in Ice Magic
  1667 | D:2      | Reached skill level 1 in Air Magic
  1667 | D:2      | Reached skill level 1 in Earth Magic
  1667 | D:2      | Reached skill level 1 in Poison Magic
  1680 | D:2      | Reached XP level 5. HP: 33/47 MP: 6/6
  1808 | D:3      | XOM: scenery: create altars
  2325 | D:3      | XOM: give mutation
  2325 | D:3      | Gained mutation: You are agile. (Dex +2) [Xom's grace]
  2407 | D:3      | XOM: repel stairs
  2454 | D:4      | Reached XP level 6. HP: 47/53 MP: 8/8
  2504 | D:4      | Found Zygamm's Lightly-Used Armoury.
  2837 | D:4      | Noticed Duvessa
  2837 | D:4      | Noticed Dowan
  2850 | D:4      | Killed Duvessa
  2850 | D:4      | Reached skill level 5 in Armour
  2851 | D:4      | Killed Dowan
  2854 | D:4      | Reached XP level 7. HP: 52/59 MP: 8/10
  2927 | D:4      | Learned a level 3 spell: Mephitic Cloud
  2935 | D:4      | XOM: noise
  2994 | D:4      | XOM: divination: detect creatures
  3112 | D:4      | XOM is BORED!
  3112 | D:4      | XOM: summons 4 hostile demons
  3331 | D:4      | XOM: give mutations
  3331 | D:4      | Gained mutation: You expend magic power (3 MP) to
                  | strengthen your wands. [Xom's grace]
  3331 | D:4      | Gained mutation: You are robust. (+10% HP) [Xom's grace]
  3531 | D:4      | XOM: god gift: twisted runed staff {god gift}
  3642 | D:4      | Noticed Natasha
  3650 | D:4      | Killed Natasha
  3915 | D:4      | Noticed Natasha
  4003 | D:5      | Entered Level 5 of the Dungeon
  4064 | D:5      | XOM: 2-stop teleportation journey
  4173 | D:5      | Noticed Blork the orc
  4181 | D:5      | Killed Blork the orc
  4355 | D:5      | XOM: polymorph jelly -> boggart
  4360 | D:5      | Reached XP level 8. HP: 72/73 MP: 12/12
  4506 | D:5      | XOM: give mutations
  4506 | D:5      | Gained mutation: You are partially covered in molten
                  | scales. (AC +2) [Xom's mischief]
  4506 | D:5      | Gained mutation: Your magical capacity is low. (-10% MP)
                  | [Xom's mischief]
  4506 | D:5      | Lost mutation: You occasionally shout uncontrollably at
                  | your foes. [Xom's mischief]
  4506 | D:5      | Gained mutation: You are dopey. (Int -2) [Xom's mischief]
  4516 | D:5      | XOM: stat loss: -1 Int (12/13)
  4579 | D:5      | XOM: noise
  4597 | D:5      | Noticed Grinder
  4602 | D:5      | Paralysed by Grinder for 2 turns
  4611 | D:5      | XOM: enchant monster (bad)
  4612 | D:5      | Killed Grinder
  5026 | D:6      | Found a stormy altar of Qazlal.
  5055 | D:6      | Noticed Prince Ribbit
  5071 | D:6      | XOM: confusion
  5084 | D:6      | XOM: give mutation
  5084 | D:6      | Gained mutation: You have a pair of small horns on your
                  | head. [Xom's mischief]
  5087 | D:6      | Killed Prince Ribbit
  5204 | D:6      | Noticed an air elemental
  5204 | D:6      | Noticed a water elemental
  5204 | D:6      | XOM: 1-stop teleportation journey
  5241 | D:6      | XOM: divination: detect creatures
  5415 | D:6      | XOM: stat loss: -1 Str (15/16)
  5419 | D:6      | Reached XP level 9. HP: 64/79 MP: 11/13
  6025 | D:7      | XOM: cloud trail
  6102 | D:7      | Found a staircase to the Ecumenical Temple.
  6150 | Temple   | XOM: noise
  6150 | Temple   | Entered the Ecumenical Temple
  6152 | Temple   | XOM: 3-stop teleportation journey
  6322 | D:7      | Reached skill level 5 in Dodging
  6363 | D:7      | XOM: 3-stop teleportation journey
  6721 | D:8      | Noticed Pikel
  6730 | D:8      | Killed Pikel
  6733 | D:8      | XOM: cast spell 'Summon Small Mammal'
  6757 | D:8      | Reached skill level 5 in Invocations
  6868 | D:8      | Noticed a two-headed ogre
  6869 | D:8      | XOM: enchant monster (good)
  6897 | D:8      | Killed a two-headed ogre
  6897 | D:8      | Reached XP level 10. HP: 56/88 MP: 15/15
  6928 | D:8      | XOM: 1-stop teleportation journey
  6932 | D:8      | Reached skill level 5 in Short Blades
  6932 | D:8      | Reached skill level 5 in Long Blades
  6932 | D:8      | Reached skill level 5 in Axes
  6932 | D:8      | Reached skill level 5 in Polearms
  6932 | D:8      | Reached skill level 5 in Staves
  6932 | D:8      | Reached skill level 5 in Slings
  6932 | D:8      | Reached skill level 5 in Bows
  6932 | D:8      | Reached skill level 5 in Crossbows
  6932 | D:8      | Reached skill level 5 in Throwing
  6932 | D:8      | Reached skill level 5 in Stealth
  6932 | D:8      | Reached skill level 5 in Shields
  6932 | D:8      | Reached skill level 5 in Unarmed Combat
  6932 | D:8      | Reached skill level 5 in Spellcasting
  6932 | D:8      | Reached skill level 5 in Evocations
  6945 | D:8      | XOM: 1-stop teleportation journey
  7066 | D:8      | Identified the +8 mace "Mobbuno" {elec, rElec rN+ Dex+3}
  7069 | D:8      | XOM: smoke on damage
  7293 | D:8      | XOM: give mutations
  7293 | D:8      | Lost mutation: You are agile. (Dex +2) [Xom's mischief]
  7293 | D:8      | Lost mutation: You have a pair of small horns on your head.
                  | [Xom's mischief]
  7327 | D:8      | XOM: summons 3 hostile shadow creatures
  7575 | D:9      | XOM: 8-stop teleportation journey
  8065 | D:9      | Found Heemeg's Magic Scroll Shoppe.
  8090 | D:9      | Bought a scroll of teleportation for 39 gold pieces
  8090 | D:9      | Bought a scroll of magic mapping for 45 gold pieces
  8090 | D:9      | Bought a scroll of identify for 26 gold pieces
  8100 | D:9      | Noticed a two-headed ogre
  8109 | D:9      | Killed a two-headed ogre
  8422 | D:9      | XOM: torment (51/90 hp)
  8438 | D:9      | XOM: summons 2 hostile shadow creatures
  8678 | D:10     | Entered Level 10 of the Dungeon
  8696 | D:10     | XOM is BORED!
  8696 | D:10     | XOM: polymorph wyvern -> rime drake
  8702 | D:10     | Reached XP level 11. HP: 95/95 MP: 17/17
  8739 | D:10     | XOM: 2-stop teleportation journey
  8823 | D:10     | XOM: scenery: create altars
  8917 | D:10     | Killed an unseen horror
  9076 | D:10     | Found a staircase to the Orcish Mines.
  9076 | D:10     | XOM: divination: detect items
  9084 | D:10     | Reached skill level 5 in Conjurations
  9084 | D:10     | Reached skill level 5 in Hexes
  9084 | D:10     | Reached skill level 5 in Charms
  9084 | D:10     | Reached skill level 5 in Summonings
  9084 | D:10     | Reached skill level 5 in Necromancy
  9084 | D:10     | Reached skill level 5 in Translocations
  9084 | D:10     | Reached skill level 5 in Transmutations
  9084 | D:10     | Reached skill level 5 in Fire Magic
  9084 | D:10     | Reached skill level 5 in Ice Magic
  9084 | D:10     | Reached skill level 5 in Air Magic
  9084 | D:10     | Reached skill level 5 in Earth Magic
  9084 | D:10     | Reached skill level 5 in Poison Magic
  9181 | D:10     | Found Diwn's Antique Weapon Shop.
  9184 | D:10     | XOM: 2-stop teleportation journey
  9248 | D:10     | XOM: summons friendly white imp
  9502 | Orc:1    | Entered Level 1 of the Orcish Mines
  9502 | Orc:1    | Found Okajir's Armour Shop.
  9578 | D:11     | Found a staircase to the Lair.
  9582 | D:11     | XOM: cast spell 'Call Canine Familiar'
  9585 | D:11     | XOM: destruction
  9610 | D:11     | Found a gate leading to a gauntlet.
  9623 | Gauntlet | Entered a Gauntlet
  9623 | Gauntlet | Found a transporter.
  9628 | Gauntlet | Found a transporter.
  9632 | Gauntlet | XOM: scenery: create altars
  9636 | Gauntlet | XOM: enchant monster (bad)
  9639 | Gauntlet | Found a transporter.
  9640 | Gauntlet | Found a transporter.
  9704 | Gauntlet | Found a transporter.
  9705 | Gauntlet | XOM: cast spell 'Shadow Creatures'
  9711 | Gauntlet | Found a transporter.
  9717 | Gauntlet | Found a transporter.
  9725 | Gauntlet | Noticed a necromancer
  9732 | Gauntlet | Found a runed translucent door.
  9732 | Gauntlet | Found a transporter.
  9733 | Gauntlet | Found a transporter.
  9733 | Gauntlet | Found a transporter.
  9750 | Gauntlet | XOM: enchant monster (good)
  9752 | Gauntlet | Killed a necromancer
  9874 | Gauntlet | Found a runed translucent door.
  9874 | Gauntlet | Found a runed translucent door.
  9877 | Gauntlet | Found a transporter.
  9878 | Gauntlet | Found a transporter.
  9878 | Gauntlet | Found a transporter.
  9893 | Gauntlet | XOM: butterfly on damage
  9895 | Gauntlet | Mangled by a tyrant leech

Levels and vault maps discovered:
D:1:      mrwooster_arrival_arrow, layout_loops_ring
D:2:      layout_basic
D:3:      layout_loops_ring
D:4:      layout_cave_pods, minmay_shop_damaged, minmay_tree_intersection,
          uniq_natasha, uniq_duvessa
D:5:      layout_loops_corners, first_ration, uniq_grinder, uniq_blork_the_orc
D:6:      layout_cave_pools, nicolae_qazlal_style_of_elements,
          uniq_prince_ribbit1
D:7:      layout_basic, minmay_temple_entry_water_ring
D:8:      minmay_distorted_concentric_squares, layout_gridville, hex_medium,
          uniq_pikel
D:9:      layout_grid_maze, serial_shops, shop
D:10:     layout_long_grid, david_orc_3, serial_shops,
          nicolae_shop_temple_entry_statues_fountains
D:11:     layout_irregular_city, david_lair_shrubbed, gauntlet_entry_generic,
          serial_shops, shop, uniq_fannar, uniq_erolcha
Temple:   roderic_octagonal_lattice_temple
Orc:1:    layout_caves, gammafunk_ghost_grave, basic_altar, serial_shops,
          nicolae_shop_trees
Gauntlet: gammafunk_gauntlet_77_escape_option
          [minmay_gauntlet_arena_77_p_blocks, minmay_gauntlet_arena_77_mess,
          minmay_gauntlet_arena_77_path, minmay_gauntlet_arena_77_shame_cube,
          minmay_gauntlet_arena_77_two_paths, gauntlet_exit_green]

Skill      XL: |  1  2  3  4  5  6  7  8  9 10 11 |
---------------+----------------------------------+-----
Invocations    | 1 2 3 4 5 6 7 |  7.1
Short Blades   | 1 2 3 4 5 6 |  6.5
Long Blades    | 1 2 3 4 5 6 |  6.5
Axes           | 1 2 3 4 5 6 |  6.5
Polearms       | 1 2 3 4 5 6 |  6.5
Staves         | 1 2 3 4 5 6 |  6.5
Slings         | 1 2 3 4 5 6 |  6.5
Bows           | 1 2 3 4 5 6 |  6.5
Crossbows      | 1 2 3 4 5 6 |  6.5
Throwing       | 1 2 3 4 5 6 |  6.5
Stealth        | 1 2 3 4 5 6 |  6.5
Shields        | 1 2 3 4 5 6 |  6.5
Unarmed Combat | 1 2 3 4 5 6 |  6.5
Spellcasting   | 1 2 3 4 5 6 |  6.5
Evocations     | 1 2 3 4 5 6 |  6.5
Conjurations   | 1 2 3 4 5 |  5.4
Hexes          | 1 2 3 4 5 |  5.4
Charms         | 1 2 3 4 5 |  5.4
Summonings     | 1 2 3 4 5 |  5.4
Necromancy     | 1 2 3 4 5 |  5.4
Translocations | 1 2 3 4 5 |  5.4
Transmutations | 1 2 3 4 5 |  5.4
Fire Magic     | 1 2 3 4 5 |  5.4
Ice Magic      | 1 2 3 4 5 |  5.4
Air Magic      | 1 2 3 4 5 |  5.4
Earth Magic    | 1 2 3 4 5 |  5.4
Poison Magic   | 1 2 3 4 5 |  5.4
Dodging        | 3 4 5 6 7 |  7.1
Armour         | 5 6 7 8 |  8.0
Fighting       | 7 8 9 |  9.3
Maces & Flails | 7 8 9 |  9.3

Action                   |  1- 3 |  4- 6 |  7- 9 | 10-12 || total
-------------------------+-------+-------+-------+-------++-------
Melee: Mace              |    71 |       |       |   340 ||   411
       Bite              |     6 |    15 |    42 |    47 ||   110
       Whip              |     7 |   124 |   346 |    43 ||   520
       Headbutt          |       |       |    51 |    20 ||    71
       Punch             |       |       |     3 |     5 ||     8
 Cast: Mephitic Cloud    |       |       |     3 |       ||     3
 Abil: Evoke Berserk Rag |       |     1 |     1 |       ||     2
  Use: Potion            |       |       |     7 |     3 ||    10
       Scroll            |       |       |    10 |     2 ||    12
 Stab: Sleeping          |     2 |     2 |    10 |     3 ||    17
       Distracted        |       |       |     2 |       ||     2
       Confused          |       |       |     1 |       ||     1
       Paralysed         |       |       |       |     1 ||     1
  Eat: Chunk             |       |     6 |    13 |    10 ||    29
       Ration            |       |       |     1 |       ||     1
Armor: Leather armour    |    23 |    47 |    63 |    25 ||   158
       Chain mail        |       |       |       |   183 ||   183
       Troll leather arm |       |       |       |    19 ||    19
Dodge: Dodged            |    66 |    93 |   153 |   206 ||   518
Block: Buckler           |       |       |       |   109 ||   109

Table legend:
 A = Non-vault XP
 B = Vault XP
 C = Vault XP percentage of total XP
 D = Non-vault monster count
 E = Vault monster count
 F = Vault count percentage of total count
                 A         B        C        D         E       F
            +---------+---------+-------+---------+---------+-------
      Total |   11063 |    5615 |  33.7 |     213 |      33 |  13.4
            +---------+---------+-------+---------+---------+-------
        D:1 |      33 |       0 |   0.0 |      19 |       0 |   0.0
        D:2 |     157 |       0 |   0.0 |      23 |       0 |   0.0
        D:3 |      42 |       0 |   0.0 |       9 |       0 |   0.0
        D:4 |     388 |     258 |  39.9 |      23 |       3 |  11.5
        D:5 |     306 |     352 |  53.5 |      10 |       2 |  16.7
        D:6 |     693 |     283 |  29.0 |      16 |       1 |   5.9
        D:7 |     886 |       0 |   0.0 |      22 |       0 |   0.0
        D:8 |    1114 |    1904 |  63.1 |      27 |       6 |  18.2
        D:9 |    2502 |       0 |   0.0 |      38 |       0 |   0.0
       D:10 |    4194 |     186 |   4.2 |      20 |       5 |  20.0
       D:11 |     748 |      33 |   4.2 |       6 |       1 |  14.3
   Gauntlet |       0 |    2599 | 100.0 |       0 |      15 | 100.0
            +---------+---------+-------+---------+---------+-------
